 Dungeon Crawl Stone Soup version 0.22-a0-247-gbddf880 (webtiles) character file.

15938 b5mith the Carver (level 12, -1/112 HPs)
             Began as a Minotaur Berserker on Feb 24, 2018.
             Was a High Priest of Trog.
             Shot with an arrow by a deep elf archer (16 damage)
             ... on level 12 of the Dungeon.
             The game lasted 00:39:59 (13025 turns).

b5mith the Carver (Minotaur Berserker)             Turns: 13025, Time: 00:40:00

Health: -1/112     AC: 11    Str: 28    XL:     12   Next: 5%
Magic:  11/11      EV: 17    Int:  4    God:    Trog [*****.]
Gold:   396        SH:  0    Dex: 12    Spells: 11/11 levels left

rFire    . . .     SeeInvis .   M - +7 scimitar
rCold    . . .     Gourm    .   (no shield)
rNeg     . . .     Faith    .   g - +0 ring mail
rPois    .         Spirit   .   (helmet restricted)
rElec    .         Reflect  .   (no cloak)
rCorr    +         Harm     .   f - +0 pair of gloves
MR       .....                  G - +1 pair of boots {Stlth+}
Stlth    ++........             w - amulet of magic regeneration
HPRegen  0.28/turn              Q - +3 ring of strength
MPRegen  0.37/turn              A - ring of resist corrosion

@: berserk cooldown, slowed, very slow
A: retaliatory headbutt, horns 2
a: Berserk, Trog's Hand, Brothers in Arms, Renounce Religion


You were on level 12 of the Dungeon.
You worshipped Trog.
Trog was extremely pleased with you.
You were very hungry.

You visited 1 branch of the dungeon, and saw 12 of its levels.

You collected 796 gold pieces.
You spent 400 gold pieces at shops.

Inventory:

Hand Weapons
 a - a +0 falchion
 v - a +3 rapier of speed
 C - a +1 falchion of holy wrath
 H - a +3 long sword
 M - a +7 scimitar (weapon)
 P - a +0 long sword of slicing
Missiles
 T - 3 silver javelins (quivered)
Armour
 b - a +0 animal skin
 f - a +0 pair of gloves (worn)
 g - a +0 ring mail (worn)
 y - a +0 leather armour of positive energy
 G - a +1 pair of boots of stealth (worn)
 R - a cursed +0 pair of boots
Jewellery
 w - an amulet of magic regeneration (around neck)
 A - a ring of resist corrosion (right hand)
 O - an uncursed ring of protection from cold
 Q - a +3 ring of strength (left hand)
Wands
 j - a wand of iceblast (4)
 E - a wand of polymorph (11)
 I - a wand of paralysis (22)
 L - a wand of digging (16)
Scrolls
 e - a scroll of vulnerability {unknown}
 l - 4 scrolls of magic mapping
 m - 2 scrolls of immolation
 n - a scroll of fear {unknown}
 p - a scroll of blinking {unknown}
 r - 2 scrolls of fog
 s - a scroll of noise {unknown}
 t - a scroll of enchant weapon {unknown}
 x - a scroll of enchant armour {unknown}
 J - 4 scrolls of identify {@r1}
 N - a scroll of remove curse {@r2}
Potions
 d - 5 potions of curing {@q1}
 h - 2 potions of heal wounds {unknown}
 i - 3 potions of flight {unknown}
 k - 2 potions of agility
 o - a potion of might {unknown}
 q - 2 potions of degeneration {unknown}
 u - a potion of mutation {unknown}
 z - a potion of invisibility {unknown}
 B - 2 potions of brilliance {unknown}
 D - a potion of cancellation {unknown}
 K - a potion of berserk rage {unknown}
 S - 2 potions of magic {unknown}
Comestibles
 c - 18 rations
 F - 3 chunks of flesh


   Skills:
 + Level 12.1 Fighting
 + Level 12.2 Long Blades
 + Level 11.8 Armour
 + Level 11.0 Dodging


You had 11 spell levels left.
You didn't know any spells.

Dungeon Overview and Level Annotations

Branches:
Dungeon (12/15)            Temple (0/1) D:6            Lair (0/6) D:11
    Orc (0/2) D:12

Altars:
Dithmenos
Gozag
Makhleb
Trog
Vehumet
Yredelemnul
Zin
The Shining One

Shops:
D:7 [[   D:11 =

Annotations:
D:12 b5mith's ghost, journeyman MiBe


Innate Abilities, Weirdness & Mutations

You reflexively headbutt those who attack you in melee.
You have a pair of horns on your head.


Message History

Items here: ( ) [ † an arrow; a long sword; a leather armour; an elf corpse
As you read the scroll of fog, it crumbles to dust.
The scroll dissolves into smoke.
You see here 3 arrows.
Items here: ( ) [ † a short sword; a buckler; an arrow; an elf corpse
Items here: ( )) [ an uncursed short sword; an uncursed enchanted shortbow; 9 arrows a leather armour The deep elf archer points at you and mumbles some strange words.
You feel as though you will be slow longer.
There is an open door, spattered with blood here.
You see here an arrow.
You see here a silver javelin.
The deep elf archer shoots an arrow.
The arrow completely misses you.
The deep elf archer blinks!
You see here 3 arrows.
You feel better.
The deep elf archer shoots an arrow.
The arrow hits you!
You die...

##### ...###...#
.......(.########
#######.§§§§§§§§####
#_>...8(#######§.>.##
#######@### ####e.##
#..........(.#
##..###
#..........#e####
##....
#...............##
#####
#................# #
.........(......# #
................#
#+##.............
#......(.........


You could see a deep elf archer.

Vanquished Creatures
  The ghost of b5mith the Carver, a journeyman MiBe of Trog (D:12)
  2 two-headed ogres
  Sonja (D:10)
  A deep elf knight (D:12)
  A skeletal warrior (D:8)
  A deep elf archer (D:12)
  3 ugly things (D:11)
  A deep elf mage (D:12)
  A gargoyle (D:11)
  2 kobold demonologists
  Psyche (D:9)
  A troll (D:11)
  A merfolk (D:11)
  A slime creature (D:8)
  2 hippogriffs
  A hornet (D:12)
  The ghost of blight the Caller, an amateur TeSu (D:5)
  5 yaks
  2 wyverns (D:10)
  The ghost of b5mith the Skirmisher, an amateur MiBe of Trog (D:4)
  Eustachio (D:6)
  A hungry ghost (D:6)
  3 vampire mosquitoes
  A porcupine (D:11)
  3 sky beasts
  2 black bears (D:11)
  An ice beast (D:8)
  3 orc warriors
  2 necrophages
  5 ogres
  5 centaurs
  A crocodile (D:11)
  4 big kobolds
  6 bullfrogs
  A gnoll sergeant (D:10)
  4 scorpions
  8 wights
  2 howler monkeys
  2 electric eels (D:8)
  6 crimson imps
  A quasit (D:7)
  5 jellies
  2 gnoll shamans (D:8)
  4 hounds
  4 orc priests
  2 bullfrog zombies
  3 centaur zombies
  A bullfrog skeleton (D:11)
  4 centaur skeletons
  Terence (D:3)
  9 orc wizards
  2 iguanas (D:7)
  13 worker ants
  2 killer bee zombies
  2 hound skeletons
  A hound zombie (D:7)
  A howler monkey zombie (D:8)
  A worker ant zombie (D:11)
  19 gnolls
  12 adders
  2 howler monkey skeletons
  3 shadow imps
  2 adder zombies
  An adder skeleton (D:8)
  5 worms
  3 leopard geckos
  35 orcs
  2 bats
  A giant cockroach (D:7)
  3 goblins
  7 hobgoblins
  4 jackals
  5 quokkas
  2 ball pythons
  3 frilled lizards
  11 kobolds
  A quokka zombie (D:5)
  6 rats
276 creatures vanquished.

Vanquished Creatures (others)
  An orc (D:8)
  7 fungi (D:11)
  A plant (D:11)
9 creatures vanquished.

Grand Total: 285 creatures vanquished

Notes
Turn   | Place    | Note
-------+----------+-------------------------------------------
     0 | D:1      | b5mith the Minotaur Berserker began the quest for the Orb.
     0 | D:1      | Reached XP level 1. HP: 19/19 MP: 0/0
   298 | D:1      | Reached XP level 2. HP: 27/27 MP: 1/1
   677 | D:2      | Reached XP level 3. HP: 22/33 MP: 2/2
   879 | D:2      | Found a bloodstained altar of Trog.
   975 | D:2      | Reached XP level 4. HP: 40/40 MP: 3/3
  1007 | D:3      | Reached ** piety under Trog
  1110 | D:3      | Found a faded altar of an unknown god.
  1143 | D:3      | Found an opulent altar of Gozag.
  1189 | D:3      | Noticed Terence
  1202 | D:3      | Killed Terence
  1202 | D:3      | Reached XP level 5. HP: 34/47 MP: 4/4
  1597 | D:4      | Noticed b5mith's ghost (amateur MiBe)
  1918 | D:4      | Killed b5mith's ghost
  1918 | D:4      | Reached skill level 5 in Fighting
  1918 | D:4      | Reached skill level 5 in Long Blades
  1918 | D:4      | Reached XP level 6. HP: 34/56 MP: 5/5
  2509 | D:4      | Reached XP level 7. HP: 45/62 MP: 6/6
  2652 | D:5      | Entered Level 5 of the Dungeon
  2679 | D:5      | Reached skill level 5 in Armour
  3048 | D:5      | Noticed blight's ghost (amateur TeSu)
  3075 | D:5      | Killed blight's ghost
  3075 | D:5      | Reached skill level 5 in Dodging
  3892 | D:5      | Reached XP level 8. HP: 60/71 MP: 7/7
  4001 | D:5      | Found a glowing golden altar of the Shining One.
  4001 | D:5      | Found a shadowy altar of Dithmenos.
  4006 | D:5      | Found a radiant altar of Vehumet.
  4008 | D:5      | Found a glowing silver altar of Zin.
  4009 | D:5      | Found a faded altar of an unknown god.
  4266 | D:6      | Noticed Eustachio
  4291 | D:6      | Killed Eustachio
  4291 | D:6      | Reached *** piety under Trog
  4325 | D:6      | Found a staircase to the Ecumenical Temple.
  4499 | D:6      | Found a basalt altar of Yredelemnul.
  4536 | D:6      | Found a burning altar of Makhleb.
  4706 | D:6      | Found a burning altar of Makhleb.
  5137 | D:7      | Noticed a hippogriff
  5148 | D:7      | Killed a hippogriff
  5148 | D:7      | Received a gift from Trog
  5541 | D:7      | Found Purr's Armour Shop.
  5572 | D:7      | Bought a +1 pair of boots of stealth for 181 gold pieces
  5654 | D:7      | Found Efremat's Armour Shoppe.
  6021 | D:8      | Reached XP level 9. HP: 59/81 MP: 8/8
  6334 | D:8      | Reached **** piety under Trog
  6336 | D:8      | Noticed a two-headed ogre
  6350 | D:8      | Killed a two-headed ogre
  6398 | D:8      | Noticed a skeletal warrior
  6483 | D:8      | Killed a skeletal warrior
  6483 | D:8      | Reached XP level 10. HP: 14/91 MP: 9/9
  8145 | D:9      | Reached skill level 10 in Long Blades
  8237 | D:9      | Reached skill level 10 in Fighting
  8547 | D:9      | Killed Psyche
  9039 | D:10     | Entered Level 10 of the Dungeon
  9284 | D:10     | Reached skill level 10 in Armour
  9734 | D:10     | Paralysed by a wight for 2 turns
  9749 | D:10     | Reached ***** piety under Trog
 10332 | D:11     | Noticed a gargoyle
 10482 | D:11     | Killed a gargoyle
 10482 | D:11     | Reached XP level 11. HP: 101/101 MP: 10/10
 10496 | D:11     | Noticed Sonja
 10789 | D:11     | Found a staircase to the Lair.
 10916 | D:10     | Killed Sonja
 10947 | D:11     | Noticed a green ugly thing
 10952 | D:11     | Killed a green ugly thing
 11243 | D:11     | Noticed a white ugly thing
 11244 | D:11     | Noticed a purple ugly thing
 11246 | D:11     | Killed a white ugly thing
 11246 | D:11     | Reached skill level 10 in Dodging
 11260 | D:11     | Killed a purple ugly thing
 11388 | D:11     | Noticed a two-headed ogre
 11399 | D:11     | Killed a two-headed ogre
 11404 | D:11     | Found Degitef's Jewellery Shoppe.
 11424 | D:11     | Bought a +3 ring of strength for 219 gold pieces
 11938 | D:11     | Received a gift from Trog
 12267 | D:12     | Found a staircase to the Orcish Mines.
 12267 | D:12     | Noticed b5mith's ghost (journeyman MiBe)
 12285 | D:12     | Killed b5mith's ghost
 12648 | D:12     | Noticed b5mith's ghost (journeyman MiBe)
 12701 | D:12     | Found a radiant altar of Vehumet.
 12706 | D:12     | Noticed a deep elf mage
 12706 | D:12     | Noticed a deep elf archer
 12710 | D:12     | Noticed a deep elf knight
 12734 | D:12     | Killed a deep elf archer
 13003 | D:12     | Killed a deep elf knight
 13003 | D:12     | Reached XP level 12. HP: 63/112 MP: 11/11
 13013 | D:12     | HP: 1/112 [deep elf archer/arrow (24)]
 13025 | D:12     | Shot with an arrow by a deep elf archer

Vault maps used:
D:1:      dpeg_arrival_tiny_e
D:2:      lemuel_doored_altar, minmay_misc_feat_alley
D:3:      marbit_many_paths, chequers_ecumenical_altar_simple,
          hangedman_decor_lopped, uniq_terence
D:4:      first_ration, minivault_23
D:5:      chequers_temple_overflow_minitemple
D:6:      amethyst_overflow_temple_binary, minmay_temple_entry_glassed_door,
          corexii_leaking_fountain, lemuel_tele_altar, uniq_eustachio
D:7:      serial_shops, nicolae_shop_behind_doors, nicolae_shop_window_shopping
D:8:      cheibrodos_ideogram_h
D:9:      uniq_psyche
D:11:     due_lair_maze_entry_diamond, serial_shops,
          nicolae_shop_competitors_out_of_business, hangedman_stone_soup,
          minivault_22, uniq_sonja
D:12:     orc_0_dummy, kennysheep_doodads, kennysheep_crisscross,
          lemuel_statue_altar

Skill      XL: |  1  2  3  4  5  6  7  8  9 10 11 |
---------------+----------------------------------+-----
Long Blades    | 4 5 6 8 9 10 12 | 12.2
Fighting       | 4 5 6 7 9 10 12 | 12.1
Armour         | 3 4 5 7 9 10 11 | 11.8
Dodging        | 3 4 5 6 8 9 11 | 11.0

Action                   |  1- 3 |  4- 6 |  7- 9 | 10-12 || total
-------------------------+-------+-------+-------+-------++-------
Melee: Falchion          |    49 |   116 |   326 |   306 ||   797
       Headbutt          |     9 |    22 |    83 |   118 ||   232
       Scimitar          |       |       |       |   153 ||   153
Throw: Javelin           |       |       |     8 |    38 ||    46
Invok: Berserk           |       |     1 |     2 |     8 ||    11
       Trog's Hand       |       |       |     1 |       ||     1
  Use: Scroll            |       |       |     5 |     6 ||    11
       Potion            |       |       |     1 |     2 ||     3
 Stab: Sleeping          |       |       |     1 |     1 ||     2
  Eat: Chunk             |       |     5 |    14 |    13 ||    32
       Ration            |       |       |     2 |     4 ||     6
Armor: Ring mail         |    12 |    31 |   110 |   170 ||   323
Dodge: Dodged            |    21 |    78 |   139 |   325 ||   563
       Rpst.: Falchion   |     3 |    13 |    35 |    48 ||    99
       Scimitar          |       |       |       |    28 ||    28

Table legend:
 A = Spawn XP
 B = Non-spawn XP
 C = Spawn XP percentage of total XP
 D = Spawn monster count
 E = Non-spawn monster count
 F = Spawn count percentage of total count
 G = Total turns spent on level
                    A         B        C        D         E        F      G
               +---------+---------+-------+---------+---------+-------+---------
         Total |       0 |   22769 |   0.0 |       0 |     276 |   0.0 | 13025
               +---------+---------+-------+---------+---------+-------+---------
           D:1 |       0 |      17 |   0.0 |       0 |      11 |   0.0 |   566
           D:2 |       0 |      83 |   0.0 |       0 |      15 |   0.0 |   427
           D:3 |       0 |     154 |   0.0 |       0 |      19 |   0.0 |   893
           D:4 |       0 |     493 |   0.0 |       0 |      19 |   0.0 |   766
           D:5 |       0 |     688 |   0.0 |       0 |      22 |   0.0 |  1600
           D:6 |       0 |     549 |   0.0 |       0 |      11 |   0.0 |   697
           D:7 |       0 |     661 |   0.0 |       0 |      18 |   0.0 |  1023
           D:8 |       0 |    4600 |   0.0 |       0 |      55 |   0.0 |  2115
           D:9 |       0 |     999 |   0.0 |       0 |      12 |   0.0 |   952
          D:10 |       0 |    3544 |   0.0 |       0 |      27 |   0.0 |  1899
          D:11 |       0 |    6000 |   0.0 |       0 |      46 |   0.0 |  1336
          D:12 |       0 |    4981 |   0.0 |       0 |      21 |   0.0 |   751
               +---------+---------+-------+---------+---------+-------+---------
